 Dungeon Crawl Stone Soup version 0.20.1-1-g8b1a95d (webtiles) character file.

4676 gobwax the Arsonist (level 10, -4/61 HPs)
             Began as an Octopode Fire Elementalist on Sept 10, 2017.
             Was a Follower of Vehumet.
             Slain by a vampire mosquito (8 damage)
             ... on level 8 of the Dungeon.
             The game lasted 00:29:42 (9885 turns).

gobwax the Arsonist (Octopode Fire Elementalist)    Turns: 9885, Time: 00:29:44

Health: -4/61      AC:  3    Str:  7    XL:     10   Next: 44%
Magic:  1/21       EV: 16    Int: 26    God:    Vehumet [*.....]
Gold:   318        SH:  0    Dex: 12    Spells: 9/24 levels left

rFire    . . .     SeeInvis .   x - +4 spear
rCold    . . .     Gourm    .   (no shield)
rNeg     . . .     Faith    .   (helmet restricted)
rPois    +         Spirit   .   h - amulet of rage
rElec    .         Reflect  .   k - ring of poison resistance
rCorr    .         Harm     .   o - ring of loudness
MR       .....                  r - +4 ring of intelligence
Stlth    ++........             n - +3 ring of evasion
Regen    0.2/turn               (no ring)
MPRegen  0.2/turn               (no ring)
                                (no ring)
                                (no ring)

@: hasted and slowed
A: almost no armour, stealthy swim, amphibious, 8 rings, constrict 8, iridescent
scales 1, camouflage 1, robust 1, gelatinous body 1
a: Renounce Religion, Evoke Berserk Rage


You were on level 8 of the Dungeon.
You worshipped Vehumet.
Vehumet was aware of your devotion.
You were not hungry.

You visited 2 branches of the dungeon, and saw 9 of its levels.

You collected 318 gold pieces.

Inventory:

Hand Weapons
 e - a +0 shortbow
 u - a +3 great sword of freezing
 w - a +4 scimitar of freezing
 x - a +4 spear (weapon)
 B - a +0 blowgun
Missiles
 g - 67 arrows
 m - 3 curare-tipped needles
 C - 23 poisoned needles
Jewellery
 h - an amulet of rage (around mantle)
 k - a ring of poison resistance (left tentacle)
 n - a +3 ring of evasion (on tentacle)
 o - a ring of loudness (right tentacle)
 p - an uncursed ring of fire {unknown}
 r - a +4 ring of intelligence (on tentacle)
Wands
 v - a wand of polymorph (24/24)
Scrolls
 c - 2 scrolls of recharging
 d - 3 scrolls of identify
 q - 2 scrolls of fear
 y - a scroll of blinking {unknown}
Potions
 l - a potion of degeneration {unknown}
 s - a potion of ambrosia
Books
 a - a book of Flames

   Spells                             Type                      Level
   a - Flame Tongue                   Conjuration/Fire             1
   b - Throw Flame                    Conjuration/Fire             2
   c - Conjure Flame                  Conjuration/Fire             3
   d - Inner Flame                    Hexes/Fire                   3
   e - Sticky Flame                   Conjuration/Fire             4
   f - Fireball                       Conjuration/Fire             5
Comestibles
 b - 5 bread rations
 i - 10 royal jellies
 t - 3 meat rations
 z - 7 fruits


   Skills:
 - Level 2.0 Dodging
 - Level 2.6 Stealth
 + Level 7.5 Spellcasting
 + Level 7.0 Conjurations
 * Level 11.0 Fire Magic


You had 9 spell levels left.
You knew the following spells:

 Your Spells              Type           Power        Failure   Level  Hunger
a - Flame Tongue          Conj/Fire      #####        1%          1    None
b - Throw Flame           Conj/Fire      ######       1%          2    None
c - Conjure Flame         Conj/Fire      ######..     1%          3    None
d - Sticky Flame          Conj/Fire      ######..     1%          4    ##.....
e - Fireball              Conj/Fire      ######....   4%          5    #####..


Dungeon Overview and Level Annotations

Branches:
Dungeon (8/15)             Temple (1/1) D:6
   Lair: D:8-11

Altars:
Dithmenos
Elyvilon
Nemelex Xobeh
Okawaru
Vehumet
The Shining One

Annotations:
D:3 wnhky's ghost, amateur MiFi


Innate Abilities, Weirdness & Mutations

You cannot wear most types of armour.
You are very stealthy in the water. (Stealth+)
You are amphibious.
You can wear up to eight rings at the same time.
You can use your tentacles to constrict eight enemies at once.
Your skin changes colour to match your surroundings (Stealth+).
Your rubbery body absorbs attacks. (AC +1, EV +1)
You are partially covered in iridescent scales. (AC +2)
You are robust. (+10% HP)


Message History

The vampire mosquito draws strength from your injuries!
The vampire mosquito bites you.
* * * LOW HITPOINT WARNING * * *
The vampire mosquito draws strength from your injuries!
The vampire mosquito bites you!
* * * LOW HITPOINT WARNING * * *
The vampire mosquito draws strength from your injuries!
Casting: Flame Tongue
Confirm with . or Enter, or press ? or * to list all spells.
Aiming: Sticky Flame
Press: ? - help, Shift-Dir - straight line, f - vampire mosquito
Aim: a vampire mosquito The sticky flame hits the vampire mosquito.
The vampire mosquito is moderately damaged.
The vampire mosquito is covered in liquid flames!
The vampire mosquito burns!
The vampire mosquito bites you.
* * * LOW HITPOINT WARNING * * *
The vampire mosquito draws strength from your injuries!
The vampire mosquito bites you!
You die...

+......'.............+..+........
####...###'###.###'###...⌠.))....
##5.# #.# #.# #.# #...._))....
#..# #.###.###.# #..#⌠.⌠....#
#..# #...+.'...# #.###..)..##
#..# #####.##### #.# ####'##
#####..# #.# #.# #.#
.......#######O#######.#### #.#
####.#........5y@.........###.##
#.####################.##...##
#..# #.#.....# ##.## #.##...##
#Y..# #........ #...# #####.###
#...# #.# ..###y. #.# #.. ..# #.#


You could see a vampire mosquito (burning), an ogre and a crimson imp.

Vanquished Creatures
  Joseph (D:7)
  A hornet (D:7)
  The ghost of simples the Poker, an amateur MfSk (D:5)
  Sigmund (D:6)
  A wraith (D:8)
  4 hogs (D:7)
  A human (D:7)
  A hungry ghost (D:7)
  Menkaure (D:6)
  Duvessa (D:6)
  2 orc warriors (D:7)
  2 phantoms (D:4)
  2 ice beasts (D:5)
  An ogre (D:7)
  3 centaurs
  A big kobold (D:8)
  2 bullfrogs
  Dowan (D:6)
  3 scorpions
  9 wights
  4 howler monkeys
  A centaur zombie (D:5)
  5 crimson imps
  2 hounds (D:7)
  4 orc wizards
  An orc priest (D:5)
  A centaur skeleton (D:5)
  5 worker ants
  A hound skeleton (D:4)
  A gnoll (D:4)
  2 howler monkey skeletons
  7 adders
  A shadow imp (D:5)
  An ooze (D:2)
  An adder skeleton (D:5)
  2 adder zombies (D:5)
  7 worms
  3 dart slugs
  4 leopard geckos
  20 orcs
  A ball python (D:4)
  A bat zombie (D:1)
  A giant cockroach (D:1)
  6 goblins
  7 hobgoblins
  11 jackals
  A quokka (D:7)
  8 bats
  8 frilled lizards
  A jackal skeleton (D:7)
  10 kobolds
  A leopard gecko zombie (D:1)
  2 quokka skeletons
  6 rats
176 creatures vanquished.

Notes
Turn   | Place    | Note
-------+----------+-------------------------------------------
     0 | D:1      | gobwax the Octopode Fire Elementalist began the quest for the Orb.
     0 | D:1      | Reached XP level 1. HP: 11/11 MP: 3/3
   291 | D:1      | Reached XP level 2. HP: 17/17 MP: 3/5
   715 | D:1      | Reached XP level 3. HP: 18/21 MP: 0/6
   937 | D:1      | Reached skill level 4 in Fire Magic
  1315 | D:2      | Reached XP level 4. HP: 27/27 MP: 2/7
  2526 | D:3      | Learned a level 2 spell: Throw Flame
  2530 | D:3      | Learned a level 3 spell: Conjure Flame
  2665 | D:3      | Noticed wnhky's ghost (amateur MiFi)
  2952 | D:3      | Reached XP level 5. HP: 31/31 MP: 5/8
  3238 | D:4      | Noticed a phantom
  3265 | D:4      | Killed a phantom
  3265 | D:4      | Reached skill level 5 in Fire Magic
  3391 | D:4      | Noticed a phantom
  3413 | D:4      | Killed a phantom
  3413 | D:4      | Reached XP level 6. HP: 6/36 MP: 8/10
  3684 | D:4      | Learned a level 4 spell: Sticky Flame
  3757 | D:4      | Reached skill level 6 in Fire Magic
  3805 | D:5      | Entered Level 5 of the Dungeon
  3929 | D:5      | Gained mutation: You expend magic power (3 MP) to strengthen your wands. [potion of mutation]
  3929 | D:5      | Lost mutation: You expend magic power (3 MP) to strengthen your wands. [potion of mutation]
  3929 | D:5      | Gained mutation: You are partially covered in iridescent scales. (AC +2) [potion of mutation]
  3929 | D:5      | Gained mutation: You are robust. (+10% HP) [potion of mutation]
  3934 | D:5      | Reached XP level 7. HP: 37/45 MP: 2/12
  4400 | D:5      | Noticed simples's ghost (amateur MfSk)
  5163 | D:5      | Reached skill level 7 in Fire Magic
  5546 | D:5      | Killed simples's ghost
  5546 | D:5      | Reached XP level 8. HP: 50/50 MP: 0/14
  6494 | D:5      | Reached skill level 5 in Spellcasting
  6494 | D:5      | Reached skill level 8 in Fire Magic
  7179 | D:6      | Found a staircase to the Ecumenical Temple.
  7193 | Temple   | Entered the Ecumenical Temple
  7202 | Temple   | Became a worshipper of Vehumet
  7272 | D:6      | Reached skill level 5 in Conjurations
  7276 | D:6      | Noticed Menkaure
  7280 | D:6      | Killed Menkaure
  7515 | D:6      | Reached XP level 9. HP: 56/56 MP: 6/17
  7593 | D:6      | Learned a level 5 spell: Fireball
  7702 | D:6      | Noticed Sigmund
  7711 | D:6      | Killed Sigmund
  7767 | D:6      | Noticed Duvessa
  7767 | D:6      | Noticed Dowan
  7771 | D:6      | Killed Dowan
  7777 | D:6      | Killed Duvessa
  7777 | D:6      | Reached skill level 9 in Fire Magic
  8491 | D:7      | Reached * piety under Vehumet
  8491 | D:7      | Offered knowledge of Sting by Vehumet.
  8564 | D:7      | Noticed Joseph
  8564 | D:7      | Noticed a hornet
  8590 | D:7      | Paralysed by a hornet for 3 turns
  8595 | D:7      | Paralysed by a hornet for 3 turns
  8596 | D:7      | Killed a hornet
  8614 | D:7      | Killed Joseph
  8614 | D:7      | Reached skill level 10 in Fire Magic
  8825 | D:7      | Reached XP level 10. HP: 34/61 MP: 10/20
  9578 | D:7      | Found a white marble altar of Elyvilon.
  9643 | D:8      | Found a sparkling altar of Nemelex Xobeh.
  9867 | D:8      | Offered knowledge of Sandblast by Vehumet.
  9867 | D:8      | Reached skill level 11 in Fire Magic
  9885 | D:8      | Slain by a vampire mosquito

Skill      XL: |  1  2  3  4  5  6  7  8  9 10 |
---------------+-------------------------------+-----
Fire Magic     | 4 5 6 7 8 10 11 | 11.0
Conjurations   | 2 3 4 5 6 7 |  7.0
Spellcasting   | 3 4 5 6 7 |  7.5
Dodging        | |  2.0
Stealth        | |  2.6

Action                   |  1- 3 |  4- 6 |  7- 9 | 10-12 || total
-------------------------+-------+-------+-------+-------++-------
Melee: Unarmed           |     7 |     8 |    23 |       ||    38
       Constrict         |     4 |     2 |    12 |     4 ||    22
       Tentacles         |     1 |     4 |     8 |     5 ||    18
       Great sword       |       |       |     9 |       ||     9
       Spear             |       |       |    29 |    17 ||    46
 Fire: Shortbow          |       |       |    43 |       ||    43
 Cast: Flame Tongue      |    62 |   119 |   156 |    37 ||   374
       Conjure Flame     |       |       |    20 |     5 ||    25
       Throw Flame       |       |       |    31 |    15 ||    46
       Sticky Flame      |       |       |     7 |     7 ||    14
       Fireball          |       |       |     1 |     5 ||     6
  Use: Potion            |       |     6 |     2 |     2 ||    10
       Scroll            |       |       |     8 |     2 ||    10
 Stab: Sleeping          |       |       |     1 |       ||     1
  Eat: Chunk             |     2 |     8 |    12 |     5 ||    27
       Bread ration      |       |       |     1 |       ||     1
Armor: Skin              |     2 |    10 |    35 |     3 ||    50
Dodge: Dodged            |    19 |    23 |    90 |    48 ||   180
       Rpst.: Great sword |       |       |     6 |       ||     6
